Map: Triton LE

Players

Zest - Winner!

  • Race: Protoss Protoss
  • Spawn Location: 5:00

Dear

  • Race: Protoss Protoss
  • Spawn Location: 11:00

Event: IEM Katowice 2020

VOD

Have the link to the VOD?

Description

Time

  • Played on: Feb. 29, 2020, 11:14 a.m.
  • Length: 5:18

All games in this series

Show
View Real Time Build Order
Export as new Build Order

Zest Protoss - Winner!

Build Orders: Mass Adepts 

Get SALT Encoding   

  12  0:00  Probe  
  13  0:12  Probe  
  14  0:17  Pylon  
  14  0:25  Probe (Chrono Boost)  
  15  0:36  Gateway  
  15  0:37  Probe (Chrono Boost)  
  16  0:44  Probe (Chrono Boost)  
  16  0:46  Assimilator  
  17  0:51  Probe  
  17  0:54  Assimilator  
  18  1:03  Probe (Chrono Boost)  
  19  1:07  Gateway  
  19  1:12  Probe (Chrono Boost)  
  19  1:17  Probe (Chrono Boost)  
  20  1:25  Cybernetics Core  
  21  1:29  Probe  
  22  1:35  Pylon  
  22  1:41  Probe  
  23  1:51  Pylon  
  23  1:53  Probe  
  24  2:04  Warp Gate, Adept x2  
  28  2:25  Robotics Facility  
  28  2:34  Adept x2  
  32  2:41  Gateway  
  32  3:04  Adept x2  
  36  3:09  Immortal (Chrono Boost)  
  39  3:18  Pylon  
  39  3:43  Immortal (Chrono Boost)  
  39  4:02  Adept x3  
  43  4:12  Warp Prism (Chrono Boost)  
  43  4:21  Pylon  
  43  4:35  Adept x3  
  45  4:41  Observer  
  38  4:57  Adept x3  
Show
View Real Time Build Order
Export as new Build Order

Dear Protoss 

Build Orders: 1 Gate Expand 

Get SALT Encoding   

  12  0:00  Probe  
  13  0:12  Probe  
  14  0:20  Pylon  
  14  0:24  Probe  
  15  0:38  Probe (Chrono Boost)  
  16  0:44  Gateway  
  16  0:47  Probe (Chrono Boost)  
  16  0:48  Assimilator  
  17  0:52  Probe (Chrono Boost)  
  18  1:04  Probe  
  19  1:16  Probe  
  20  1:23  Nexus  
  20  1:33  Cybernetics Core  
  20  1:36  Probe  
  21  1:42  Assimilator  
  21  1:48  Probe  
  21  1:53  Pylon  
  22  2:00  Probe  
  23  2:10  Sentry (Chrono Boost)  
  23  2:11  Warp Gate  
  23  2:13  Probe  
  26  2:25  Probe  
  26  2:26  Shield Battery  
  26  2:27  Stalker (Chrono Boost)  
  29  2:35  Probe  
  31  2:37  Probe  
  31  2:42  Robotics Facility  
  31  2:47  Probe  
  31  2:49  Probe  
  33  2:53  Stalker (Chrono Boost)  
  34  3:02  Pylon  
  34  3:06  Probe x2  
  36  3:15  Stalker (Chrono Boost)  
  38  3:22  Gateway  
  38  3:24  Gateway  
  38  3:30  Immortal (Chrono Boost)  
  36  3:43  Probe  
  36  3:44  Probe  
  36  3:59  Probe (Chrono Boost)  
  34  4:04  Sentry  
  34  4:07  Immortal (Chrono Boost)  
  38  4:20  Adept  
  38  4:21  Adept  
  42  4:29  Adept  
  43  4:43  Adept  
  41  4:48  Adept  
  39  4:58  Adept  

Tags
 
Add a new tag
Caveats
  • Supply blocks, unpowered buildings, or Contaminate may cause inaccurate times.
  • Supply counts are checked every 10 seconds.